 Dungeon Crawl Stone Soup version 0.29-a0-284-gf9362112df (webtiles) character file.

Game seed: 12093065985648309304

312 being54 the Cudgeller (level 6, -5/37 HPs)
             Began as a Gargoyle Fighter on Mar 21, 2022.
             Slain by Blork the orc
             ... wielding a +0 antimagic glaive
              (12 damage)
             ... on level 4 of the Dungeon.
             The game lasted 00:05:28 (2726 turns).

being54 the Cudgeller (Gargoyle Fighter)            Turns: 2726, Time: 00:05:29

Health: -5/37      AC: 15    Str: 21 (22) XL:     6   Next: 42%
Magic:  1/6        EV:  7    Int:  7 (8)  God:
Gold:   149        SH:  4    Dex:  9      Spells: 5/5 levels left

rFire   . . .      SeeInvis .   a - +0 flail
rCold   . . .      Faith    .   c - +0 buckler
rNeg    + . .      Spirit   .   i - +0 chain mail
rPois   ∞          Reflect  .   (no helmet)
rElec   +          Harm     .   n - +0 cloak
rCorr   .          Rampage  .   (no gloves)
Will    .....                   q - +0 pair of boots
Stlth   ..........              (no amulet)
HPRegen 0.12/turn               h - +4 ring of slaying
MPRegen 0.10/turn               k - ring of flight

@: flying
A: sickness immunity, AC +4, negative energy resistance 1, electricity
resistance, torment resistance 1, petrification resistance
a: no special abilities


You were on level 4 of the Dungeon.
You visited 1 branch of the dungeon, and saw 4 of its levels.

You collected 149 gold pieces.

Inventory:

Hand Weapons
 a - a +0 flail (weapon)
Armour
 c - a +0 buckler (worn)
 i - a +0 chain mail (worn)
 n - a +0 cloak (worn)
 q - a +0 pair of boots (worn)
Jewellery
 h - a +4 ring of slaying (left hand)
 k - a ring of flight (right hand)
Wands
 p - a wand of flame (23)
Scrolls
 l - a scroll of fog
Potions
 b - a potion of flight {unknown}
 d - a potion of might
 e - 2 potions of attraction {unknown}
 g - 2 potions of curing
 o - a potion of lignification {unknown}


   Skills:
 - Level 3.4 Fighting
 * Level 6.4 Maces & Flails
 - Level 3.4 Armour
 - Level 3.4 Shields


You had 5 spell levels left.
You didn't know any spells.
Your spell library contained the following spells:

 Spells                   Type           Power      Damage    Failure   Level
 Apportation              Tloc           0%         N/A       99%         1
 Ensorcelled Hibernation  Hex/Ice        0%         N/A       100%        2
 Spider Form              Tmut/Pois      0%         N/A       100%        3
 Anguish                  Hex/Necr       0%         N/A       100%        4
 Alistair's Intoxication  Tmut/Pois      0%         N/A       100%        5


Dungeon Overview and Level Annotations

Branches:
Dungeon (4/15)
 Temple: D:4-7

Altars:
Ashenzari

Shops:
D:2 =   D:3 [

Annotations:
D:4 Blork the orc


Innate Abilities, Weirdness & Mutations

You are immune to sickness and miasma.
Your stone body is resilient. (AC +4)
You are immune to poison.
You resist negative energy. (rN+)
You are resistant to electric shocks. (rElec)
You are resistant to unholy torment.
You are immune to petrification.


Message History

The puff of frost hits you! Blork the orc barely misses you.
Blork the orc hits you with a +0 antimagic glaive.
You feel your power leaking away.
You are too injured to fight recklessly!
You hit Blork the orc.
Blork the orc is lightly wounded.
Blork the orc casts a spell at you.
The magic dart hits you but does no damage.
You hit Blork the orc but do no damage.
Blork the orc is lightly wounded.
Blork the orc hits you but does no damage.
You hit Blork the orc.
Blork the orc is moderately wounded.
Blork the orc hits you with a +0 antimagic glaive!
* * * LOW HITPOINT WARNING * * *
You feel your power leaking away.
Blork the orc hits you but does no damage.
You hit Blork the orc.
Blork the orc is moderately wounded.
Blork the orc casts a spell at you.
The magic dart hits you but does no damage.
You barely miss Blork the orc.
Blork the orc is moderately wounded.
You block Blork the orc's attack.
You barely miss Blork the orc.
Blork the orc is moderately wounded.
Blork the orc hits you but does no damage.
You closely miss Blork the orc.
Blork the orc is moderately wounded.
Blork the orc hits you with a +0 antimagic glaive.
* * * LOW HITPOINT WARNING * * *
You feel your power leaking away.
You hit Blork the orc but do no damage.
Blork the orc is moderately wounded.
Blork the orc completely misses you.
You hit Blork the orc.
Blork the orc is heavily wounded.
Blork the orc hits you with a +0 antimagic glaive!
You die...

### ##.##########
#...........#
.....######.# .....#
#.# ##.### #.# #.#
#.######### #†#
#.....@o..# ##'##
#.#######.# #...##
#.###### .....##
#.... . ......##
#..##.#
.......####...#.#
.....)))........###.#
.......####.........#
..<...## ##.######.#


You could see Blork the orc.

Vanquished Creatures
  Sigmund (D:4)
  Crazy Yiuf (D:2)
  Jessica (D:2)
  3 adders
  An orc (D:4)
  4 ball pythons
  8 endoplasms
  4 giant cockroaches
  6 goblins
  8 hobgoblins
  2 jackals (D:3)
  2 quokkas (D:2)
  9 bats
  4 frilled lizards
  9 kobolds
  2 rats (D:1)
65 creatures vanquished.

Vanquished Creatures (others)
  A fungus (D:3)
1 creature vanquished.

Grand Total: 66 creatures vanquished

Notes
Turn   | Place    | Note
-------+----------+-------------------------------------------
     0 | D:1      | being54 the Gargoyle Fighter began the quest for the Orb.
     0 | D:1      | Reached XP level 1. HP: 14/14 MP: 1/1
   283 | D:1      | Found a faded altar of an unknown god.
   306 | D:1      | Reached XP level 2. HP: 13/19 MP: 2/2
   705 | D:1      | Reached skill level 3 in Maces & Flails
   705 | D:1      | Reached XP level 3. HP: 23/23 MP: 3/3
  1518 | D:2      | Found Taronez's Jewellery Shop.
  1866 | D:2      | Found a runed translucent door.
  1867 | D:2      | Noticed Crazy Yiuf
  1867 | D:2      | Noticed Jessica
  1874 | D:2      | Killed Crazy Yiuf
  1875 | D:2      | Reached skill level 4 in Maces & Flails
  1875 | D:2      | Reached XP level 4. HP: 10/28 MP: 4/4
  1878 | D:2      | Killed Jessica
  2135 | D:3      | Reached XP level 5. HP: 32/32 MP: 5/5
  2264 | D:3      | Found a broken altar of Ashenzari.
  2264 | D:3      | Found Ugusmy's Armour Boutique.
  2286 | D:3      | Reached skill level 5 in Maces & Flails
  2633 | D:4      | Noticed Sigmund
  2649 | D:4      | Killed Sigmund
  2650 | D:4      | Reached skill level 6 in Maces & Flails
  2650 | D:4      | Reached XP level 6. HP: 32/37 MP: 6/6
  2713 | D:4      | Noticed Blork the orc
  2726 | D:4      | Slain by Blork the orc

Illustrated notes

Levels and vault maps discovered:
D:1:      tarquinn_simple_flora_water_b, layout_basic,
          hellmonk_ecumenical_altar_lost_god, minmay_misc_feat_five,
          minmay_misc_feat_columns
D:2:      layout_basic, serial_shops, nicolae_square_shop,
          uniq_crazy_yiuf_cottage, uniq_jessica
D:3:      layout_basic, mainiacjoe_overflow_boulevard, serial_shops,
          nicolae_square_shop
D:4:      layout_loops_corners, minmay_temple_entry_statues_fountains,
          gammafunk_ghost_stat_death, uniq_blork_the_orc, uniq_edmund,
          uniq_sigmund

Skill      XL: |  1  2  3  4  5 |
---------------+----------------+-----
Maces & Flails | 3 4 6 |  6.4
Fighting       | |  3.4
Armour         | |  3.4
Shields        | |  3.4

Action                   |  1- 3 |  4- 6 || total
-------------------------+-------+-------++-------
Melee: Flail             |   109 |    64 ||   173
  Use: Scroll            |     2 |     2 ||     4
       Potion            |       |     2 ||     2
Armor: Scale mail        |    49 |       ||    49
       Chain mail        |    29 |    37 ||    66
Dodge: Dodged            |    68 |    19 ||    87
Block: Buckler           |    23 |    12 ||    35

Table legend: (Time is in decaauts)
 A = Elapsed time spent in this place.
 B = Non-inter-level travel time spent in this place.
 C = Inter-level travel time spent in this place.
 D = Time resting spent in this place.
 E = Time spent auto-exploring this place.
 F = Levels seen in this place.
 G = Mean time per level.
                   A        B        C        D        E       F      G
               +--------+--------+--------+--------+--------+-----+--------+
         Total |   2769 |   2642 |    127 |    190 |   1993 |   4 |  692.2 |
       Dungeon |   2769 |   2642 |    127 |    190 |   1993 |   4 |  692.2 |
               +--------+--------+--------+--------+--------+-----+--------+

Top non-repeatable levels by time:
     D:1: 1103 daAuts
     D:2: 1058 daAuts
     D:3: 489 daAuts
     D:4: 117 daAuts
